 Dungeon Crawl Stone Soup version 0.28-a0-664-gc179e30c89 (webtiles) character file.

Game seed: 5277288811298957763

11846 demibob the Quickloader (level 11, -3/84 HPs)
             Began as a Gnoll Wanderer on Oct 16, 2021.
             Was an Elder of Vehumet.
             Slain by Snorg (6 damage)
             ... on level 10 of the Dungeon on Oct 17, 2021.
             The game lasted 00:41:31 (13707 turns).

demibob the Quickloader (Gnoll Wanderer)           Turns: 13707, Time: 00:41:32

Health: -3/84      AC: 10    Str: 10    XL:     11   Next: 84%
Magic:  3/21       EV: 15    Int: 17    God:    Vehumet [****..]
Gold:   626        SH:  0    Dex: 17    Spells: 0/24 levels left

rFire   . . .      SeeInvis .   a - +3 whip (elec)
rCold   . . .      Faith    .   (no shield)
rNeg    . . .      Spirit   .   x - +0 steam dragon scales
rPois   .          Reflect  .   j - +1 helmet
rElec   .          Harm     .   (no cloak)
rCorr   .          Rampage  .   m - +0 pair of gloves
Will    .....                   (no boots)
Stlth   ++++......              (no amulet)
HPRegen 0.24/turn               Z - ring of wizardry
MPRegen 0.17/turn               D - +6 ring of dexterity

@: no status effects
A: fangs 1, strong nose, distributed training
a: Renounce Religion


You were on level 10 of the Dungeon.
You worshipped Vehumet.
Vehumet was greatly pleased with you.
You visited 1 branch of the dungeon, and saw 10 of its levels.

You collected 626 gold pieces.


Innate Abilities, Weirdness & Mutations

You have very sharp teeth.
Your uncanny sense of smell can sniff out nearby items.
Your experience applies equally to all skills.


   Skills:
 + Level 7.2 Fighting
 + Level 6.6 Short Blades
 + Level 6.6 Long Blades
 + Level 6.6 Axes
 + Level 6.6 Maces & Flails
 + Level 6.6 Polearms
 + Level 6.6 Staves
 + Level 6.6 Slings
 + Level 6.6 Bows
 + Level 9.4 Crossbows
 + Level 6.6 Throwing
 + Level 7.2 Armour
 + Level 6.6 Dodging
 + Level 7.1 Stealth
 + Level 7.2 Shields
 + Level 6.6 Unarmed Combat
 + Level 7.3 Spellcasting
 + Level 5.5 Conjurations
 + Level 6.0 Hexes
 + Level 6.0 Summonings
 + Level 5.5 Necromancy
 + Level 5.5 Translocations
 + Level 5.5 Transmutations
 + Level 5.5 Fire Magic
 + Level 5.5 Ice Magic
 + Level 5.5 Air Magic
 + Level 5.5 Earth Magic
 + Level 5.5 Poison Magic
 + Level 7.3 Invocations
 + Level 6.6 Evocations


You couldn't memorise any spells.
You knew the following spells:

 Your Spells              Type           Power      Damage    Failure   Level
b - Lightning Bolt        Conj/Air       12%        1d26      4%          5
e - Ensorcelled Hibernat  Hex/Ice        50%        N/A       1%          2
f - Freeze                Ice            100%       1d11      1%          1
l - Lee's Rapid Deconstr  Erth           12%        3d10*     4%          5
p - Poisonous Vapours     Pois/Air       50%        N/A       1%          2
s - Iron Shot             Conj/Erth      12%        9d3       19%         6
X - Ignite Poison         Fire/Tmut/Pois 25%        N/A       1%          3

Your spell library contained the following spells:

 Spells                   Type           Power      Damage    Failure   Level
 Passwall                 Tmut/Erth      20%        N/A       1%          2
 Conjure Flame            Conj/Fire      25%        6-21      1%          3
 Frozen Ramparts          Ice            50%        1d7       1%          3
 Swiftness                Air            25%        N/A       1%          3
 Tukima's Dance           Hex            26%        N/A       1%          3
 Hailstorm                Conj/Ice       25%        3d7       1%          4
 Sticky Flame             Conj/Fire      25%        2d5       1%          4
 Animate Armour           Summ/Erth      50%        N/A       4%          4
 Ice Form                 Ice/Tmut       25%        N/A       4%          4
 Summon Lightning Spire   Summ/Air       25%        N/A       4%          4
 Silence                  Hex/Air        12%        N/A       12%         5
 Blade Hands              Tmut           12%        N/A       13%         5
 Invisibility             Hex            13%        N/A       47%         6
 Simulacrum               Ice/Necr       12%        N/A       54%         6
 Borgnjor's Revivificati  Necr           12%        N/A       100%        8
 Necromutation            Tmut/Necr      12%        N/A       100%        8
 Death's Door             Necr           12%        N/A       100%        9

Inventory:

Hand Weapons
 a - a +3 whip of electrocution (weapon)
 e - a +2 hand crossbow
Missiles
 g - 48 bolts
Armour
 j - a +1 helmet (worn)
 m - a +0 pair of gloves (worn)
 x - +0 steam dragon scales (worn)
Magical Staves
 b - a staff of earth {!a}
 p - a staff of poison {!a}
Jewellery
 w - an amulet of guardian spirit
 D - a +6 ring of dexterity (right hand)
 L - a ring of flight
 R - a ring of resist corrosion
 Z - a ring of wizardry (left hand)
Scrolls
 h - a scroll of vulnerability
 k - a scroll of fear
 l - a scroll of magic mapping
 n - 2 scrolls of enchant weapon
 q - 4 scrolls of immolation
 v - a scroll of acquirement {unknown}
 A - a scroll of enchant armour
Potions
 c - 4 potions of lignification
 d - 3 potions of curing {@q1}
 f - 2 potions of flight
 i - a potion of attraction
 o - 3 potions of ambrosia
 s - a potion of magic
 u - a potion of brilliance
Miscellaneous
 r - a phial of floods (inert)

Dungeon Overview and Level Annotations

Branches:
Dungeon (10/15)            Temple (0/1) D:5
   Lair: D:8-11         Orc: D:9-12

Altars:
Cheibriados
Kikubaaqudgha
Makhleb
Okawaru
Qazlal
Vehumet
The Shining One

Shops:
D:2 [   D:8 [

Annotations:
D:3 1 transporter, Dittersdorf's ghost, amateur GrFi
D:5 2 transporters, AlleluiaPinecone's ghost, amateur VSBr
D:10 Snorg

#### ###..# # #....#
.###.# #....##
#.....#
#...@.####.......# #
#...T.............###
#.................^..
###..................
##.........$.......
#.............###.
##..######.... #.
##.. . .###. ####
#....


You could see Snorg (berserk, very poisoned).


Message History

You whack Snorg! Your punch misses Snorg. Your bite misses Snorg.
Snorg is severely wounded.
Snorg closely misses you. Snorg claws you but does no damage.
Snorg closely misses you.
You whack Snorg! Your bite misses Snorg.
Snorg is severely wounded.
Snorg closely misses you. Snorg misses you. x2
You strike the helpless Snorg from behind!
You hit Snorg.
Snorg is severely wounded.
Snorg completely misses you. Snorg claws you.
* * * LOW HITPOINT WARNING * * *
Snorg closely misses you.
You hit Snorg.
Snorg is severely wounded.
Snorg misses you. Snorg barely misses you. Snorg closely misses you.
Snorg misses you. Snorg claws you!
* * * LOW HITPOINT WARNING * * *
Snorg claws you.
* * * LOW HITPOINT WARNING * * *
Snorg rages.
It was a potion of cancellation.
Your magical effects are unravelling.
You feel magically purged.
Your magical contamination has completely faded away.
You flicker back into view.
Snorg bites you!
* * * LOW HITPOINT WARNING * * *
Snorg claws you but does no damage. Snorg claws you.
You die...

Skill      XL: |  1  2  3  4  5  6  7  8  9 10 11 |
---------------+----------------------------------+-----
Hexes          | 2 3 4 5 6 |  6.0
Summonings     | 2 3 4 5 6 |  6.0
Invocations    | 1 2 3 4 5 6 7 |  7.3
Short Blades   | 1 2 3 4 5 6 |  6.6
Long Blades    | 1 2 3 4 5 6 |  6.6
Axes           | 1 2 3 4 5 6 |  6.6
Maces & Flails | 1 2 3 4 5 6 |  6.6
Polearms       | 1 2 3 4 5 6 |  6.6
Staves         | 1 2 3 4 5 6 |  6.6
Slings         | 1 2 3 4 5 6 |  6.6
Bows           | 1 2 3 4 5 6 |  6.6
Throwing       | 1 2 3 4 5 6 |  6.6
Dodging        | 1 2 3 4 5 6 |  6.6
Unarmed Combat | 1 2 3 4 5 6 |  6.6
Evocations     | 1 2 3 4 5 6 |  6.6
Fighting       | 3 4 5 6 7 |  7.2
Armour         | 3 4 5 6 7 |  7.2
Shields        | 3 4 5 6 7 |  7.2
Spellcasting   | 3 4 5 6 7 |  7.3
Conjurations   | 1 2 3 4 5 |  5.5
Necromancy     | 1 2 3 4 5 |  5.5
Translocations | 1 2 3 4 5 |  5.5
Transmutations | 1 2 3 4 5 |  5.5
Fire Magic     | 1 2 3 4 5 |  5.5
Ice Magic      | 1 2 3 4 5 |  5.5
Air Magic      | 1 2 3 4 5 |  5.5
Earth Magic    | 1 2 3 4 5 |  5.5
Poison Magic   | 1 2 3 4 5 |  5.5
Stealth        | 3 4 5 6 7 |  7.1
Crossbows      | 7 8 9 |  9.4

Action                   |  1- 3 |  4- 6 |  7- 9 | 10-12 || total
-------------------------+-------+-------+-------+-------++-------
Melee: Whip              |       |    92 |   320 |   252 ||   664
       Bite              |       |     6 |    28 |    39 ||    73
       Punch             |       |     1 |     7 |     8 ||    16
 Fire: Hand crossbow     |    50 |    11 |       |       ||    61
Throw: Throwing net      |       |       |     1 |       ||     1
 Cast: Freeze            |       |     3 |     4 |     1 ||     8
       Poisonous Vapours |       |     1 |    63 |    51 ||   115
       Ignite Poison     |       |       |    14 |    11 ||    25
       Lee's Rapid Decon |       |       |     4 |    24 ||    28
       Iron Shot         |       |       |       |     6 ||     6
       Lightning Bolt    |       |       |       |     4 ||     4
Evoke: Wand              |       |       |       |     7 ||     7
       Phial of floods   |       |       |       |     1 ||     1
  Use: Potion            |       |     1 |     5 |     6 ||    12
       Scroll            |       |     7 |     9 |     8 ||    24
 Stab: Sleeping          |       |     5 |     2 |     4 ||    11
       Distracted        |       |       |       |     2 ||     2
       Invisible         |       |       |       |     3 ||     3
Armor: Robe              |     4 |    10 |    96 |    15 ||   125
       Steam dragon scal |       |       |       |    73 ||    73
Dodge: Dodged            |     6 |    57 |   259 |   178 ||   500

Levels and vault maps discovered:
D:1:      minmay_arrival_jagged, layout_basic,
          hellmonk_ecumenical_altar_watching_god
D:2:      layout_loops_cross, serial_shops, nicolae_shop_overgrown_old_shop,
          uniq_sigmund
D:3:      layout_basic, lemuel_doored_altar, cheibriados_altar_1,
          gammafunk_ghost_mausoleum
D:4:      layout_loops_cross, nicolae_overflow_hidden_temple,
          nicolae_kikubaaqudgha_miasma_corner, uniq_natasha
D:5:      minmay_goblin_kobold_castle, layout_cave_pools, temple_hall,
          gammafunk_ghost_smash, uniq_pikel
D:6:      layout_gridville
D:7:      layout_rooms
D:8:      layout_basic, mainiacjoe_overflow_catwalk_spiral,
          mainiacjoe_overflow_catwalk, minmay_shop_chei, chequers_garden
D:9:      layout_irregular_city, hangedman_decor_slide_cut, laboratory,
          uniq_psyche
D:10:     minmay_imperfect_grid, layout_layer_cave, dpeg_lair_monsters,
          uniq_gastronok, uniq_snorg

Notes
Turn   | Place    | Note
-------+----------+-------------------------------------------
     0 | D:1      | demibob the Gnoll Wanderer began the quest for the Orb.
     0 | D:1      | demibob set off with the following items: a +2 hand
                  | crossbow, 29 bolts, a potion of lignification, a +0 robe
     0 | D:1      | Reached XP level 1. HP: 17/17 MP: 4/4
    19 | D:1      | Noticed a shining eye
    28 | D:1      | Found a faded altar of an unknown god.
    31 | D:1      | Noticed a shining eye
    31 | D:1      | Noticed a floating eye
    31 | D:1      | Noticed a golden eye
    36 | D:1      | Prayed at the altar of an unknown god.
    36 | D:1      | Became a worshipper of Vehumet
    36 | D:1      | Reached * piety under Vehumet
    36 | D:1      | Offered knowledge of Freeze by Vehumet.
    39 | D:1      | Learned a level 1 spell: Freeze
   167 | D:1      | Reached skill level 2 in Hexes
   167 | D:1      | Reached skill level 2 in Summonings
   175 | D:1      | Reached XP level 2. HP: 23/23 MP: 5/5
   673 | D:2      | Found Zuoxikei's Antique Armour Shop.
   705 | D:2      | Reached XP level 3. HP: 28/28 MP: 7/7
   967 | D:2      | Reached skill level 1 in Invocations
  1098 | D:2      | Reached skill level 1 in Short Blades
  1098 | D:2      | Reached skill level 1 in Long Blades
  1098 | D:2      | Reached skill level 1 in Axes
  1098 | D:2      | Reached skill level 1 in Maces & Flails
  1098 | D:2      | Reached skill level 1 in Polearms
  1098 | D:2      | Reached skill level 1 in Staves
  1098 | D:2      | Reached skill level 1 in Slings
  1098 | D:2      | Reached skill level 1 in Bows
  1098 | D:2      | Reached skill level 1 in Throwing
  1098 | D:2      | Reached skill level 1 in Dodging
  1098 | D:2      | Reached skill level 1 in Unarmed Combat
  1098 | D:2      | Reached skill level 1 in Evocations
  1099 | D:2      | Reached XP level 4. HP: 34/34 MP: 8/8
  1100 | D:2      | Noticed Sigmund
  1107 | D:2      | Killed Sigmund
  1108 | D:2      | Reached skill level 3 in Fighting
  1108 | D:2      | Reached skill level 3 in Armour
  1108 | D:2      | Reached skill level 3 in Shields
  1108 | D:2      | Reached skill level 3 in Spellcasting
  1108 | D:2      | Reached skill level 1 in Conjurations
  1108 | D:2      | Reached skill level 1 in Necromancy
  1108 | D:2      | Reached skill level 1 in Translocations
  1108 | D:2      | Reached skill level 1 in Transmutations
  1108 | D:2      | Reached skill level 1 in Fire Magic
  1108 | D:2      | Reached skill level 1 in Ice Magic
  1108 | D:2      | Reached skill level 1 in Air Magic
  1108 | D:2      | Reached skill level 1 in Earth Magic
  1108 | D:2      | Reached skill level 1 in Poison Magic
  1108 | D:2      | Reached skill level 2 in Invocations
  1108 | D:2      | Reached XP level 5. HP: 34/41 MP: 9/9
  1108 | D:2      | Reached XP level 6. HP: 39/47 MP: 10/10
  1111 | D:2      | Learned a level 2 spell: Ensorcelled Hibernation
  1128 | D:2      | Reached skill level 3 in Stealth
  1356 | D:2      | Offered knowledge of Poisonous Vapours by Vehumet.
  1360 | D:2      | Learned a level 2 spell: Poisonous Vapours
  1443 | D:2      | Reached ** piety under Vehumet
  1771 | D:3      | Found a snail-covered altar of Cheibriados.
  2156 | D:3      | Found a radiant altar of Vehumet.
  2346 | D:3      | Found a transporter.
  2346 | D:3      | Noticed Dittersdorf's ghost (amateur GrFi)
  2356 | D:3      | Reached skill level 2 in Short Blades
  2356 | D:3      | Reached skill level 2 in Long Blades
  2356 | D:3      | Reached skill level 2 in Axes
  2356 | D:3      | Reached skill level 2 in Maces & Flails
  2356 | D:3      | Reached skill level 2 in Polearms
  2356 | D:3      | Reached skill level 2 in Staves
  2356 | D:3      | Reached skill level 2 in Slings
  2356 | D:3      | Reached skill level 2 in Bows
  2356 | D:3      | Reached skill level 2 in Throwing
  2356 | D:3      | Reached skill level 2 in Dodging
  2356 | D:3      | Reached skill level 2 in Unarmed Combat
  2356 | D:3      | Reached skill level 2 in Evocations
  2689 | D:4      | Found an ancient bone altar of Kikubaaqudgha.
  3079 | D:4      | Found an iron altar of Okawaru.
  3473 | D:4      | Reached XP level 7. HP: 46/52 MP: 10/12
  3684 | D:4      | Reached skill level 7 in Crossbows
  3684 | D:4      | Reached skill level 2 in Conjurations
  3684 | D:4      | Reached skill level 2 in Necromancy
  3684 | D:4      | Reached skill level 2 in Translocations
  3684 | D:4      | Reached skill level 2 in Transmutations
  3684 | D:4      | Reached skill level 2 in Fire Magic
  3684 | D:4      | Reached skill level 2 in Ice Magic
  3684 | D:4      | Reached skill level 2 in Air Magic
  3684 | D:4      | Reached skill level 2 in Earth Magic
  3684 | D:4      | Reached skill level 2 in Poison Magic
  3909 | D:4      | Learned a level 3 spell: Ignite Poison
  3947 | D:4      | Noticed Natasha
  3949 | D:4      | Killed Natasha
  4076 | D:5      | Entered Level 5 of the Dungeon
  4080 | D:5      | Offered knowledge of Scorch by Vehumet.
  4081 | D:5      | Reached skill level 3 in Hexes
  4081 | D:5      | Reached skill level 3 in Summonings
  4154 | D:5      | Noticed a yak
  4154 | D:5      | Noticed a yak
  4154 | D:5      | Noticed a yak
  4154 | D:5      | Noticed a yak
  4196 | D:5      | Killed a yak
  4197 | D:5      | Reached skill level 4 in Spellcasting
  4197 | D:5      | Reached skill level 3 in Invocations
  4450 | D:5      | Reached XP level 8. HP: 60/60 MP: 6/14
  4524 | D:5      | Killed a yak
  4525 | D:5      | Reached skill level 4 in Fighting
  4525 | D:5      | Reached skill level 3 in Short Blades
  4525 | D:5      | Reached skill level 3 in Long Blades
  4525 | D:5      | Reached skill level 3 in Axes
  4525 | D:5      | Reached skill level 3 in Maces & Flails
  4525 | D:5      | Reached skill level 3 in Polearms
  4525 | D:5      | Reached skill level 3 in Staves
  4525 | D:5      | Reached skill level 3 in Slings
  4525 | D:5      | Reached skill level 3 in Bows
  4525 | D:5      | Reached skill level 3 in Throwing
  4525 | D:5      | Reached skill level 4 in Armour
  4525 | D:5      | Reached skill level 3 in Dodging
  4525 | D:5      | Reached skill level 4 in Shields
  4525 | D:5      | Reached skill level 3 in Unarmed Combat
  4525 | D:5      | Reached skill level 3 in Evocations
  4525 | D:5      | Noticed a yak
  4612 | D:5      | Noticed AlleluiaPinecone's ghost (amateur VSBr)
  4613 | D:5      | Found a transporter.
  4620 | D:5      | Found a transporter.
  4633 | D:5      | Noticed a yak
  4663 | D:5      | Killed a yak
  4664 | D:5      | Reached skill level 4 in Stealth
  4669 | D:5      | Killed a yak
  4671 | D:5      | Killed a yak
  4674 | D:5      | Killed a yak
  4675 | D:5      | Reached skill level 3 in Conjurations
  4675 | D:5      | Reached skill level 3 in Necromancy
  4675 | D:5      | Reached skill level 3 in Translocations
  4675 | D:5      | Reached skill level 3 in Transmutations
  4675 | D:5      | Reached skill level 3 in Fire Magic
  4675 | D:5      | Reached skill level 3 in Ice Magic
  4675 | D:5      | Reached skill level 3 in Air Magic
  4675 | D:5      | Reached skill level 3 in Earth Magic
  4675 | D:5      | Reached skill level 3 in Poison Magic
  4675 | D:5      | Reached skill level 4 in Invocations
  4944 | D:5      | Found a staircase to the Ecumenical Temple.
  4988 | D:5      | Reached *** piety under Vehumet
  5023 | D:5      | Reached XP level 9. HP: 60/66 MP: 16/16
  5102 | D:5      | Offered knowledge of Dazzling Flash by Vehumet.
  5377 | D:5      | Noticed Pikel
  5381 | D:5      | Killed Pikel
  5382 | D:5      | Reached skill level 5 in Fighting
  5382 | D:5      | Reached skill level 4 in Short Blades
  5382 | D:5      | Reached skill level 4 in Long Blades
  5382 | D:5      | Reached skill level 4 in Axes
  5382 | D:5      | Reached skill level 4 in Maces & Flails
  5382 | D:5      | Reached skill level 4 in Polearms
  5382 | D:5      | Reached skill level 4 in Staves
  5382 | D:5      | Reached skill level 4 in Slings
  5382 | D:5      | Reached skill level 4 in Bows
  5382 | D:5      | Reached skill level 4 in Throwing
  5382 | D:5      | Reached skill level 5 in Armour
  5382 | D:5      | Reached skill level 4 in Dodging
  5382 | D:5      | Reached skill level 5 in Shields
  5382 | D:5      | Reached skill level 4 in Unarmed Combat
  5382 | D:5      | Reached skill level 5 in Spellcasting
  5382 | D:5      | Reached skill level 4 in Hexes
  5382 | D:5      | Reached skill level 4 in Summonings
  5382 | D:5      | Reached skill level 4 in Evocations
  5467 | D:5      | Reached **** piety under Vehumet
  5786 | D:5      | Offered knowledge of Lee's Rapid Deconstruction by Vehumet.
  5808 | D:5      | Learned a level 5 spell: Lee's Rapid Deconstruction
  6428 | D:6      | Reached skill level 5 in Stealth
  6451 | D:6      | Reached skill level 8 in Crossbows
  7084 | D:7      | Reached skill level 5 in Invocations
  7707 | D:7      | Reached XP level 10. HP: 72/74 MP: 12/18
  7843 | D:7      | Reached skill level 4 in Conjurations
  7843 | D:7      | Reached skill level 4 in Necromancy
  7843 | D:7      | Reached skill level 4 in Translocations
  7843 | D:7      | Reached skill level 4 in Transmutations
  7843 | D:7      | Reached skill level 4 in Fire Magic
  7843 | D:7      | Reached skill level 4 in Ice Magic
  7843 | D:7      | Reached skill level 4 in Air Magic
  7843 | D:7      | Reached skill level 4 in Earth Magic
  7843 | D:7      | Reached skill level 4 in Poison Magic
  8368 | D:8      | Noticed a two-headed ogre
  8385 | D:8      | Killed a two-headed ogre
  8386 | D:8      | Reached skill level 5 in Short Blades
  8386 | D:8      | Reached skill level 5 in Long Blades
  8386 | D:8      | Reached skill level 5 in Axes
  8386 | D:8      | Reached skill level 5 in Maces & Flails
  8386 | D:8      | Reached skill level 5 in Polearms
  8386 | D:8      | Reached skill level 5 in Staves
  8386 | D:8      | Reached skill level 5 in Slings
  8386 | D:8      | Reached skill level 5 in Bows
  8386 | D:8      | Reached skill level 5 in Throwing
  8386 | D:8      | Reached skill level 5 in Dodging
  8386 | D:8      | Reached skill level 5 in Unarmed Combat
  8386 | D:8      | Reached skill level 5 in Evocations
  8587 | D:8      | Found Cheibriados's Comfort Zone.
  8589 | D:8      | Found a snail-covered altar of Cheibriados.
  8622 | D:8      | Found a stormy altar of Qazlal.
  8801 | D:8      | Reached skill level 6 in Spellcasting
  8971 | D:8      | Noticed a two-headed ogre
  9001 | D:8      | Found a burning altar of Makhleb.
  9010 | D:8      | Found a glowing golden altar of the Shining One.
  9042 | D:8      | Killed a two-headed ogre
  9043 | D:8      | Reached skill level 6 in Fighting
  9043 | D:8      | Reached skill level 6 in Armour
  9043 | D:8      | Reached skill level 6 in Shields
  9043 | D:8      | Reached skill level 5 in Hexes
  9043 | D:8      | Reached skill level 5 in Summonings
  9052 | D:8      | Reached skill level 6 in Stealth
  9399 | D:8      | Reached skill level 6 in Invocations
 10110 | D:9      | Learned a level 6 spell: Iron Shot
 10174 | D:9      | Noticed a wizard
 10178 | D:9      | Killed a wizard
 10225 | D:9      | Noticed a large abomination
 10233 | D:9      | Reached ***** piety under Vehumet
 10522 | D:9      | Offered knowledge of Lightning Bolt by Vehumet.
 10827 | D:9      | Noticed Psyche
 10833 | D:9      | Killed Psyche
 10834 | D:9      | Reached XP level 11. HP: 75/83 MP: 7/20
 10906 | D:9      | Noticed a large abomination
 10920 | D:8      | Killed a large abomination
 10921 | D:8      | Reached skill level 6 in Short Blades
 10921 | D:8      | Reached skill level 6 in Long Blades
 10921 | D:8      | Reached skill level 6 in Axes
 10921 | D:8      | Reached skill level 6 in Maces & Flails
 10921 | D:8      | Reached skill level 6 in Polearms
 10921 | D:8      | Reached skill level 6 in Staves
 10921 | D:8      | Reached skill level 6 in Slings
 10921 | D:8      | Reached skill level 6 in Bows
 10921 | D:8      | Reached skill level 9 in Crossbows
 10921 | D:8      | Reached skill level 6 in Throwing
 10921 | D:8      | Reached skill level 6 in Dodging
 10921 | D:8      | Reached skill level 6 in Unarmed Combat
 10921 | D:8      | Reached skill level 6 in Evocations
 11149 | D:9      | Reached skill level 5 in Conjurations
 11149 | D:9      | Reached skill level 5 in Necromancy
 11149 | D:9      | Reached skill level 5 in Translocations
 11149 | D:9      | Reached skill level 5 in Transmutations
 11149 | D:9      | Reached skill level 5 in Fire Magic
 11149 | D:9      | Reached skill level 5 in Ice Magic
 11149 | D:9      | Reached skill level 5 in Air Magic
 11149 | D:9      | Reached skill level 5 in Earth Magic
 11149 | D:9      | Reached skill level 5 in Poison Magic
 12954 | D:9      | Got the Disquisition on Glacial Attacks
 12956 | D:9      | Got the Reference Book on Weightlessness
 12992 | D:10     | Entered Level 10 of the Dungeon
 13116 | D:10     | Noticed a death yak
 13119 | D:10     | Noticed a death yak
 13137 | D:10     | Noticed a death yak
 13142 | D:10     | Killed a death yak
 13143 | D:10     | Reached skill level 7 in Spellcasting
 13143 | D:10     | Reached skill level 7 in Invocations
 13176 | D:9      | Killed a death yak
 13177 | D:9      | Reached skill level 7 in Fighting
 13177 | D:9      | Reached skill level 7 in Armour
 13177 | D:9      | Reached skill level 7 in Shields
 13183 | D:9      | Learned a level 5 spell: Lightning Bolt
 13505 | D:10     | Reached skill level 7 in Stealth
 13642 | D:10     | Noticed a two-headed ogre
 13647 | D:10     | Noticed a two-headed ogre
 13657 | D:10     | Noticed a purple ugly thing
 13671 | D:10     | Killed a two-headed ogre
 13672 | D:10     | Reached skill level 6 in Hexes
 13672 | D:10     | Reached skill level 6 in Summonings
 13676 | D:10     | Noticed Snorg
 13707 | D:10     | HP: 3/84 [Snorg (13)]
 13707 | D:10     | Slain by Snorg

Vanquished Creatures
  3 two-headed ogres
  2 death yaks
  4 large abominations
  A wizard (D:9)
  Pikel (D:5)
  Psyche (D:9)
  A troll (D:9)
  Sigmund (D:2)
  A wraith (D:9)
  A wyvern (D:8)
  11 yaks
  A steam dragon (D:9)
  7 small abominations (D:9)
  An acid dragon (D:9)
  A water moccasin (D:7)
  2 orc warriors
  2 black bears
  3 sky beasts
  6 ogres
  3 centaurs
  A scorpion (D:6)
  6 killer bees (D:7)
  9 wights
  2 howler monkeys
  A bullfrog zombie (D:7)
  4 centaur zombies
  3 jellies
  2 orc priests (D:5)
  A centaur skeleton (D:7)
  A gnoll shaman (D:7)
  An iguana (D:6)
  Natasha (D:4)
  6 orc wizards
  2 howler monkey zombies (D:9)
  17 gnolls
  10 adders
  A white imp (D:5)
  A dart slug (D:1)
  29 orcs
  A ball python (D:2)
  3 bats
  6 endoplasms
  A giant cockroach (D:2)
  32 goblins
  33 hobgoblins
  2 jackals (D:1)
  3 quokkas
  3 frilled lizards
  6 kobolds
  4 rats
245 creatures vanquished.

Table legend: (Time is in decaauts)
 A = Elapsed time spent in this place.
 B = Non-inter-level travel time spent in this place.
 C = Inter-level travel time spent in this place.
 D = Time resting spent in this place.
 E = Time spent auto-exploring this place.
 F = Levels seen in this place.
 G = Mean time per level.
                   A        B        C        D        E       F      G
               +--------+--------+--------+--------+--------+-----+--------+
         Total |  13618 |  13188 |    430 |   4850 |   6241 |  10 | 1361.8 |
       Dungeon |  13618 |  13188 |    430 |   4850 |   6241 |  10 | 1361.8 |
               +--------+--------+--------+--------+--------+-----+--------+

Top non-repeatable levels by time:
     D:9: 2847 daAuts
     D:5: 2085 daAuts
     D:8: 2015 daAuts
     D:4: 1407 daAuts
     D:7: 1097 daAuts
     D:6: 1042 daAuts
     D:3: 913 daAuts
     D:1: 897 daAuts
     D:2: 877 daAuts
    D:10: 434 daAuts

Table legend:
 A = Non-vault XP
 B = Vault XP
 C = Vault XP percentage of total XP
 D = Non-vault monster count
 E = Vault monster count
 F = Vault count percentage of total count
                 A         B        C        D         E       F
            +---------+---------+-------+---------+---------+-------
      Total |    9713 |    7211 |  42.6 |     158 |      87 |  35.5
            +---------+---------+-------+---------+---------+-------
        D:1 |      23 |       0 |   0.0 |      13 |       0 |   0.0
        D:2 |     116 |     231 |  66.6 |      18 |       1 |   5.3
        D:3 |      75 |       0 |   0.0 |      15 |       0 |   0.0
        D:4 |     353 |      36 |   9.3 |      15 |       1 |   6.2
        D:5 |    1596 |     875 |  35.4 |      19 |      65 |  77.4
        D:6 |     469 |       0 |   0.0 |       8 |       0 |   0.0
        D:7 |    1359 |       0 |   0.0 |      33 |       0 |   0.0
        D:8 |    2445 |     786 |  24.3 |      11 |       1 |   8.3
        D:9 |    2365 |    3213 |  57.6 |      24 |      13 |  35.1
       D:10 |     912 |    2070 |  69.4 |       2 |       6 |  75.0
            +---------+---------+-------+---------+---------+-------
